AoeStats
← Olainas

Arabia

508975814Analyzed
2v2 RM · 7d ago on Sep 24, 2026· 45m 43s· 4 players
Game mode
Random Map
Map size
Medium (4 player)
Population
200
Speed
Normal
Resources
Standard
Victory
Conquest
Starting age
Dark Age
Ending age
Imperial Age
RankedLock teamsTeams togetherTeam positionsShared explorationLock speedFull tech treeHidden civsTurbo modeCheats
Victory
Defeat
🇦🇷 Spanish · Argentina
885
+12
🇦🇷 Franks · Argentina
764
+17
🇧🇷 Spanish · Brazil
819
-16
🇧🇷 Varangians · Brazil
757
-13
Paixa 10
2:46 Loom
11:12 Feudal Age
12:25 Double-Bit Axe
12:29 Horse Collar
21:25 Castle Age
20:10 Stone Mining
20:13 Gold Mining
23:26 Bloodlines
23:17 Husbandry
23:47 Bow Saw
29:58 Wheelbarrow
29:09 Town Watch
33:07 Ballistics
33:12 Scale Barding Armor
33:18 Forging
39:02 Imperial Age
36:34 Pikeman
37:43 Murder Holes
38:28 Hand Cart
38:38 Chain Barding Armor
39:57 Iron Casting
39:17 Cavalier
40:35 Conscription
41:22 Hoardings
41:35 Plate Barding Armor
41:13 Halberdier
42:54 Elite Conquistador
filhotederola
15:23 Feudal Age
20:27 Castle Age
27:28 Gambesons
27:46 Squires
33:00 Stone Mining
33:00 Double-Bit Axe
37:32 Wheelbarrow
45:12 Hand Cart
46:18 Forging
46:10 Scale Mail Armor
Liyo
6:13 Loom
11:32 Feudal Age
13:19 Double-Bit Axe
21:20 Castle Age
20:01 Scale Barding Armor
20:09 Gold Mining
21:31 Forging
24:23 Husbandry
27:13 Wheelbarrow
29:36 Chain Barding Armor
30:57 Iron Casting
31:14 Hand Cart
38:50 Imperial Age
37:41 Gold Shaft Mining
37:30 Town Watch
38:56 Cavalier
40:17 Plate Barding Armor
41:59 Blast Furnace
46:15 Conscription
Olainas
9:46 Feudal Age
8:04 Loom
12:01 Double-Bit Axe
17:15 Gold Mining
18:27 Bloodlines
20:24 Forging
23:24 Castle Age
22:23 Scale Barding Armor
22:28 Horse Collar
24:58 Iron Casting
25:05 Gambesons
24:44 Man-at-Arms
25:52 Bow Saw
25:44 Heavy Plow
26:11 Husbandry
26:56 Gold Mining
28:34 Wheelbarrow
34:24 Imperial Age
32:12 Town Watch
32:38 Stone Mining
34:07 Hand Cart
34:38 Stone Shaft Mining
34:15 Fletching
34:55 Inquisition
35:29 Conscription
37:19 Two-Man Saw
37:07 Fervor
37:32 Town Patrol
38:00 Murder Holes
39:05 Block Printing
39:17 Bodkin Arrow
40:15 Sanctity
40:06 Redemption
40:19 Sanctity
40:22 Guilds
40:37 Devotion
40:56 Sappers
40:49 Elite Conquistador
42:55 Blast Furnace
42:20 Atonement
43:09 Illumination
42:41 Herbal Medicine
42:51 Bracer
43:50 Theocracy
44:02 Hoardings
45:00 Chain Barding Armor
45:07 Padded Archer Armor
45:07 Scale Mail Armor
45:09 Squires
44:32 Long Swordsman
45:37 Ballistics
45:08 Cavalier
45:08 Light Cavalry
46:21 Faith
Connection lost

Rejoining the realm…

Still unreachable

The connection could not be restored.

Session expired

The server has moved on; the page needs a fresh start.